Map: Triton LE

Players

Hurricane

  • Race: Protoss Protoss
  • Spawn Location: 11:00

Clem - Winner!

  • Race: Terran Terran
  • Spawn Location: 5:00

Event: IEM Katowice 2020

VOD

Have the link to the VOD?

Description

Time

  • Played on: Feb. 25, 2020, 5:01 a.m.
  • Length: 8:07

All games in this series

Show
View Real Time Build Order
Export as new Build Order

Hurricane Protoss 

Build Orders: 1 Gate Expand, Oracle Opening 

Get SALT Encoding   

  12  0:00  Probe  
  13  0:13  Probe  
  14  0:17  Pylon  
  14  0:25  Probe  
  15  0:37  Probe (Chrono Boost), Gateway  
  16  0:47  Assimilator  
  16  0:48  Probe (Chrono Boost)  
  17  0:52  Probe (Chrono Boost)  
  18  1:03  Probe  
  19  1:15  Probe  
  20  1:23  Nexus  
  20  1:32  Cybernetics Core  
  20  1:35  Probe  
  21  1:44  Assimilator  
  21  1:47  Probe  
  21  1:53  Pylon  
  22  1:59  Probe  
  23  2:08  Adept (Chrono Boost)  
  23  2:11  Probe  
  26  2:22  Stargate  
  26  2:23  Probe  
  27  2:30  Warp Gate  
  27  2:33  Adept  
  27  2:36  Probe (Chrono Boost)  
  30  2:39  Probe (Chrono Boost)  
  31  2:48  Probe (Chrono Boost)  
  31  2:51  Probe (Chrono Boost)  
  33  2:55  Probe (Chrono Boost)  
  33  2:57  Probe (Chrono Boost)  
  35  3:02  Probe, Stalker  
  38  3:07  Probe  
  38  3:09  Oracle (Chrono Boost)  
  42  3:17  Probe  
  43  3:24  Probe  
  44  3:27  Pylon  
  44  3:30  Probe  
  45  3:45  Stalker  
  47  3:50  Probe  
  47  3:51  Probe  
  49  4:02  Probe  
  50  4:03  Probe  
  50  4:06  Gateway  
  50  4:07  Gateway  
  51  4:15  Probe x2  
  53  4:18  Pylon  
  53  4:25  Shield Battery  
  53  4:32  Nexus  
  53  4:35  Phoenix (Chrono Boost), Pylon  
  55  4:39  Probe x2  
  55  4:41  Pylon  
  57  4:52  Probe x2  
  59  4:56  Assimilator  
  59  4:57  Assimilator  
  59  4:59  Oracle  
  62  5:00  Sentry  
  62  5:01  Stalker  
  62  5:04  Stalker  
  68  5:08  Robotics Facility  
  68  5:11  Probe  
  68  5:12  Probe  
  70  5:22  Pylon  
  70  5:24  Probe x2  
  70  5:25  Sentry, Zealot  
  76  5:28  Zealot  
  76  5:35  Twilight Council  
  78  5:37  Forge  
  78  5:40  Probe (Chrono Boost)  
  78  5:41  Probe (Chrono Boost)  
  80  5:45  Probe (Chrono Boost)  
  80  5:47  Pylon  
  81  5:52  Probe (Chrono Boost)  
  81  5:55  Stalker x2  
  81  5:56  Zealot  
  84  6:10  Immortal (Chrono Boost)  
  82  6:16  Probe x2  
  82  6:25  Zealot x2, Stalker  
  82  6:31  Probe  
  82  6:32  Probe  
  90  6:39  Probe  
  77  6:42  Observer (Chrono Boost)  
  77  6:44  Probe  
  77  6:45  Probe  
  71  6:50  Oracle (Chrono Boost), Stalker x3  
  71  6:51  Probe  
  77  6:57  Probe x2  
  77  6:59  Observer (Chrono Boost)  
  79  7:04  Probe  
  78  7:10  Probe  
  78  7:14  Probe (Chrono Boost)  
  79  7:16  Probe (Chrono Boost), Robotics Bay  
  79  7:22  Probe (Chrono Boost)  
  81  7:24  Pylon  
  81  7:26  Probe (Chrono Boost)  
  81  7:28  Probe (Chrono Boost)  
  83  7:31  Observer  
  83  7:33  Probe (Chrono Boost)  
  83  7:34  Probe (Chrono Boost)  
  83  7:36  Probe (Chrono Boost), Gateway  
  87  7:38  Gateway  
  87  7:40  Probe  
  88  7:46  Sentry  
  88  7:47  Zealot x2  
Show
View Real Time Build Order
Export as new Build Order

Clem Terran - Winner!

Build Orders: Reaper Expand, Banshee Rush 

Get SALT Encoding   

  12  0:00  SCV  
  13  0:13  SCV  
  14  0:17  Supply Depot  
  14  0:25  SCV  
  15  0:38  SCV  
  15  0:40  Barracks  
  15  0:42  Refinery  
  16  0:50  SCV  
  17  1:02  SCV  
  18  1:15  SCV  
  19  1:27  Orbital Command, Reaper  
  20  1:43  Command Center  
  20  1:49  Supply Depot  
  20  1:53  SCV  
  21  1:59  Marine  
  22  2:05  Bunker  
  22  2:11  Factory  
  22  2:14  SCV  
  23  2:20  Refinery  
  23  2:21  Barracks Reactor  
  23  2:26  SCV  
  24  2:38  SCV  
  25  2:50  SCV  
  26  2:55  Orbital Command  
  26  2:57  Hellion  
  28  2:59  Marine x2  
  28  3:01  Starport  
  28  3:03  SCV  
  31  3:15  SCV  
  31  3:16  Marine  
  31  3:17  Marine  
  34  3:21  Factory Tech Lab  
  34  3:22  SCV  
  35  3:28  Supply Depot  
  35  3:29  SCV  
  36  3:34  Marine x2  
  36  3:36  SCV  
  39  3:41  SCV  
  39  3:48  Factory Tech Lab  
  39  3:49  SCV  
  39  3:50  Cloaking Field  
  39  3:52  Marine x2, Banshee  
  43  3:56  SCV  
  43  4:00  Supply Depot  
  43  4:02  SCV  
  45  4:06  Cyclone  
  48  4:10  Marine x2  
  48  4:11  SCV  
  48  4:14  SCV  
  52  4:23  SCV  
  52  4:28  Marine x2, Supply Depot  
  52  4:30  SCV  
  55  4:34  Banshee  
  55  4:35  SCV  
  59  4:40  Siege Tank  
  59  4:44  Supply Depot  
  62  4:49  Marine x2  
  62  4:50  SCV x2  
  66  4:57  Command Center  
  66  4:59  Engineering Bay  
  65  5:02  SCV  
  65  5:04  SCV  
  65  5:06  Barracks  
  67  5:07  Marine x2  
  67  5:11  Barracks  
  70  5:14  SCV  
  70  5:16  Siege Tank  
  73  5:23  SCV  
  73  5:25  Marine x2  
  73  5:26  SCV, Supply Depot  
  77  5:35  Refinery  
  77  5:38  SCV, Refinery  
  77  5:41  Terran Infantry Weapons Level 1  
  78  5:44  Starport Reactor  
  78  5:48  Marine x2, SCV  
  81  5:51  Bunker  
  81  5:53  Bunker  
  81  5:57  SCV  
  81  6:02  Factory Reactor  
  80  6:05  Marine  
  80  6:07  Marine, SCV  
  80  6:10  Stimpack, Marauder  
  80  6:11  Orbital Command  
  84  6:15  SCV  
  79  6:19  Combat Shield  
  79  6:21  Marauder  
  79  6:25  Barracks  
  80  6:29  Marine x2  
  80  6:30  SCV, Barracks  
  80  6:32  Marauder  
  85  6:39  Widow Mine x2  
  85  6:40  SCV  
  85  6:42  Medivac, Marauder  
  81  6:48  Marine x2, Orbital Command  
  81  6:52  Medivac  
  81  6:53  Marauder  
  84  6:55  SCV x2, Supply Depot  
  86  7:02  Widow Mine x2  
  86  7:06  Marine x2, Marauder  
  94  7:14  SCV, Marauder  
  94  7:15  Armory, Engineering Bay  
  91  7:16  SCV  
  91  7:19  Barracks Reactor, Barracks Tech Lab  
  92  7:24  Widow Mine x2  
  92  7:27  Marine x2  
  92  7:28  Medivac  
  100  7:31  Marauder  
  100  7:34  SCV x3, Supply Depot  
  105  7:39  Missile Turret, Marauder  
  107  7:45  Marine x2  
  107  7:49  SCV  

Tags
 
Add a new tag
Caveats
  • Supply blocks, unpowered buildings, or Contaminate may cause inaccurate times.
  • Supply counts are checked every 10 seconds.